 Dungeon Crawl Stone Soup version 0.14-a0-1361-g0512ea0 (webtiles) character file.

100999 M4edhros the Covert (level 16, 0/72 HPs)
             Began as an Octopode Artificer on Dec 7, 2013.
             Was a High Priest of Fedhas.
             Slain by a harpy (9 damage)
             ... on Level 3 of the Shoals on Dec 8, 2013.
             The game lasted 02:40:59 (36443 turns).

M4edhros the Covert (Octopode Artificer)           Turns: 36443, Time: 02:40:59

HP   0/72        AC  9     Str 10      XL: 16   Next: 20%
MP  18/30        EV 14     Int 23      God: Fedhas [*****.]
Gold 3137        SH 18     Dex 21      Spells:  7 memorised,  5 levels left

rFire  + + .     SeeInvis .     h - +4,+3 dwarf short sword (elec)
rCold  . . .     Clarity  +     u - +4 buckler of the Great Game {+Blink rPois Curse}
rNeg   + . .     Conserve .     l - +1 cap
rPois  +         rCorr    .     w - amulet of faith
rElec  +         rRot     .     j - ring of protection from fire
SustAb . .       Spirit   .     B - +4 ring of dexterity
rMut   .         Warding  .     M - ring of positive energy
Saprov . . .     Stasis   .     O - ring of sustenance
                                i - cursed +4 ring of dexterity
                                m - ring of poison resistance
                                V - ring of protection from fire
                                Y - +6 ring of protection

@: somewhat resistant to hostile enchantments, extraordinarily stealthy
A: almost no armour, amphibious, 8 rings, constrict 8, molten scales 1,
camouflage 1, blink 1, carnivore 1, clarity, clever 1, deformed body, frail 2,
electricity resistance, spit poison 2, gelatinous body 1
a: Spit Poison, Blink, Evolution, Sunlight, Growth, Reproduction, Rain, Renounce
Religion, Evoke Blink


You were on level 3 of the Shoals.
You worshipped Fedhas.
Fedhas was extremely pleased with you.
You were not hungry.

You visited 5 branches of the dungeon, and saw 32 of its levels.
You also visited: Sewer and Ice Cave.

You collected 3813 gold pieces.
You spent 676 gold pieces at shops.

Inventory:

Hand weapons
 f - a +2,+3 sling of flame
 h - a +4,+3 dwarven short sword of electrocution (weapon)
Missiles
 v - 2 poisoned tomahawks (quivered)
 x - 63 sling bullets
Armour
 l - a +1 cap (worn)
 u - the +4 buckler of the Great Game (worn) {+Blink rPois Curse}
   (You acquired it on level 7 of the Lair of Beasts)

   It protects you from poison.
   It lets you blink.
   It may recurse itself.
Magical devices
 c - a wand of enslavement (7)
 C - a wand of polymorph (11)
 F - a wand of paralysis (4)
 H - a wand of paralysis (11)
 P - a wand of disintegration (12)
Comestibles
 k - 4 honeycombs
 J - a pear
 T - 21 sultanas
Scrolls
 a - a scroll of summoning
 g - 3 scrolls of blinking
 o - a scroll of fear
 p - a scroll of curse armour {unknown}
 s - 7 scrolls of teleportation
 A - 2 scrolls of fog
 U - 5 scrolls of recharging
 Z - a scroll of silence
Jewellery
 d - an uncursed ring of flight
 e - the amulet "Phusuj" {Stasis Str+3}
   (You found it on level 6 of the Lair of Beasts)

   [amulet of stasis]

   It affects your strength (+3).
 i - a cursed +4 ring of dexterity (on tentacle)
 j - a ring of protection from fire (left tentacle)
 m - a ring of poison resistance (on tentacle)
 w - an amulet of faith (around mantle)
 z - an uncursed amulet of resist mutation
 B - a +4 ring of dexterity (right tentacle)
 D - an uncursed amulet of rage
 M - a ring of positive energy (on tentacle)
 O - a ring of sustenance (on tentacle)
 V - a ring of protection from fire (on tentacle)
 Y - a +6 ring of protection (on tentacle)
Potions
 n - a potion of brilliance
 q - 4 potions of curing
 r - 2 potions of might
 t - a potion of berserk rage
 E - a potion of agility
 G - a potion of flight
 K - 2 potions of speed
 Q - a potion of lignification
Miscellaneous
 b - an ornate deck of changes
 R - a phial of floods


   Skills:
 - Level 1.7 Fighting
 - Level 12.3 Short Blades
 - Level 3.0 Dodging
 + Level 14.4 Stealth
 + Level 7.4 Shields
 + Level 6.8 Spellcasting
 * Level 8.2 Conjurations
 - Level 6.1 Hexes
 * Level 8.4 Transmutations
 * Level 9.4 Earth Magic
 + Level 10.1 Poison Magic
 + Level 11.8 Invocations
 - Level 4.7 Evocations


You had 5 spell levels left.
You knew the following spells:

 Your Spells              Type           Power        Failure   Level  Hunger
a - Olgreb's Toxic Radia  Pois           ######..     1%          4    ###....
b - Spider Form           Trmt/Pois      ######....   1%          3    #......
c - Leda's Liquefaction   Hex/Erth       #####.....   4%          4    ###....
d - Enslavement           Hex            #####...     10%         4    ###....
e - Mephitic Cloud        Conj/Pois/Air  #####...     1%          3    #......
f - Repel Missiles        Chrm/Air       #.........   14%         2    None
g - Conjure Flame         Conj/Fire      ####....     6%          3    #......


Dungeon Overview and Level Annotations

Branches:
Dungeon (16/16)            Temple (1/1) D:4             Orc (4/4) D:10
    Elf (0/3) Orc:4          Lair (8/8) D:9          Shoals (3/5) Lair:4
  Snake (0/5) Lair:4        Slime (0/6) Lair:7       Vaults (0/5) D:15
 Depths (0/6) D:16

Altars:
Ashenzari
Cheibriados
Elyvilon
Fedhas
Kikubaaqudgha
Makhleb
Nemelex Xobeh
Okawaru
Sif Muna
Trog
Vehumet
Xom
Yredelemnul
Zin
the Shining One

Shops:
D:13 }   D:16 [   Orc:1 [   Orc:3 (=}([   Orc:4 (([*+

Annotations:
Shoals:1 exclusion: Roxanne, Roxanne


Innate Abilities, Weirdness & Mutations

You cannot wear most types of armour.
You are amphibious.
You can wear up to eight rings at the same time.*
You can use your tentacles to constrict many enemies at once.*
Your skin changes colour to match your surroundings (Stlth).*
Your rubbery body absorbs attacks (AC +1).*
You are partially covered in molten scales (AC +1).*
You can translocate small distances at will.
Your digestive system is specialised to digest meat.
You possess an exceptional clarity of mind.
Your mind is acute. (Int +2)
Your body is misshapen.*
You are very frail (-20% HP).
You are resistant to electric shocks.*
You can spit moderately strong poison.


Message History

Evoke which item? (* to show all) (? for menu, Esc to quit)
Zapping:
H - a wand of paralysis {zapped: 2}
Press: ? - help, Shift-Dir - straight line, f - harpy
Aim: a harpy The harpy suddenly stops moving!
A harpy comes into view.
The helpless harpy fails to defend herself.
You slice the harpy like a ripe choko!!!!
There is a sudden explosion of sparks!
You kill the harpy!
The harpy eats the yak corpse.
A manticore comes into view.
Evoke which item? (* to show all) (? for menu, Esc to quit)
Zapping:
H - a wand of paralysis {zapped: 3}
Press: ? - help, Shift-Dir - straight line, f - harpy
Aim: a harpy The harpy struggles to resist.
You block the harpy's attack. The harpy claws you!
You die...
Fedhas appreciates your contribution to the ecosystem.

.≈≈..###..≈≈......≈≈≈
.≈≈≈.............≈≈≈
(.≈..............≈≈
...............≈PP
..#.≈≈.........PP
..##.≈≈≈......PPP
.....≈≈f......≈PP
....P≈≈≈..≈≈≈≈..≈≈
##..P≈P@(P.≈≈≈≈≈≈
..##.≈P.H....≈≈≈≈≈
#..!...%P....≈≈..≈
#PP.....%.......≈≈
P.H.≈≈≈≈(≈≈≈.≈≈.≈≈
..P≈≈≈≈≈≈≈≈≈≈Y≈≈≈ #
..≈≈≈≈≈(≈≈≈≈≈≈≈≈≈ ..
.#≈≈≈≈.≈.≈≈≈≈≈≈≈. ...
.≈≈≈.$.>.≈≈≈≈≈≈ ...≈


You could see a manticore, a harpy, a sheep (confused) and a friendly wandering
mushroom.

Vanquished Creatures
  Maud (Lair:3)
  3 vault guards (D:15)
  Snorg (Shoals:2)
  A fire dragon (D:16)
  Josephine (D:10)
  3 hydras
  Erica (Lair:1)
  3 death yaks
  3 ogre magi
  A rakshasa (D:16)
  5 centaur warriors
  Nergalle (Orc:3)
  A wandering mushroom (D:16)
  3 sea snakes (Shoals:1)
  An unseen horror (D:13)
  7 skeletal warriors
  4 orc knights
  4 hill giants
  3 harpies
  A wolf spider (D:16)
  The ghost of thfral the Summoner, an experienced DESu of Sif Muna (D:8)
  4 griffons
  2 cyclopes
  4 elephants (Lair:7)
  4 black mambas
  14 slime creatures
  An octopode (Shoals:1)
  8 spiny frogs
  6 trolls
  2 feature mimics (D:13)
  A spriggan (D:8)
  A mermaid (Shoals:3)
  7 two-headed ogres
  A queen bee (Lair:2)
  3 komodo dragons
  2 polar bears
  14 blink frogs
  2 snapping turtles (Shoals:1)
  20 ugly things
  A basilisk (D:14)
  A water elemental (D:14)
  2 wraiths
  A griffon skeleton (D:11)
  An ice dragon skeleton (D:15)
  9 sharks
  A trapdoor spider (shapeshifter) (D:15)
  A wyvern (D:15)
  37 yaks
  2 hungry ghosts
  9 hippogriffs
  A hippogriff (shapeshifter) (D:13)
  A steam dragon (D:13)
  8 vampire mosquitoes
  9 merfolk
  3 manticores
  Menkaure (D:5)
  21 wolves
  A soldier ant (D:11)
  10 orc warriors
  8 porcupines
  A black bear (D:10)
  5 sky beasts
  A yellow wasp (D:15)
  8 ogres
  8 ice beasts
  A phantom (D:11)
  A giant goldfish (D:9)
  12 big kobolds
  13 centaurs
  6 wargs
  7 giant slugs
  7 crocodiles
  A big kobold (shapeshifter) (D:14)
  13 water moccasins
  14 agate snails
  A cyclops skeleton (D:14)
  18 giant frogs
  2 manticore skeletons (D:10)
  40 killer bees
  An eye of draining (D:15)
  2 jellyfish
  8 electric eels
  9 wights
  10 crimson imps
  A quasit (D:10)
  4 goliath beetles
  14 orc priests
  6 jellies
  26 orc wizards
  4 big fish
  7 human skeletons (D:8)
  A giant frog skeleton (D:11)
  12 hounds
  9 iguanas
  13 worker ants
  A scorpion (D:11)
  7 sheep (Shoals:3)
  Ijyb (D:5)
  Terence (D:2)
  2 mummies (D:8)
  3 gnolls (D:9)
  20 adders
  5 giant centipedes
  34 green rats
  An inept feature mimic (D:8)
  4 worms
  4 giant mites
  6 white imps (Orc:1)
  3 adder skeletons
  5 grey rats (Sewer)
  A giant eyeball (D:6)
  11 giant geckos
  3 oozes
  127 orcs
  A bat skeleton (D:5)
  7 giant cockroaches
  11 hobgoblins
  28 kobolds
  11 quokkas
  8 ball pythons
  14 bats
  12 giant newts
  A giant spore (D:9)
  13 goblins
  23 jackals
  2 jackal skeletons
  2 kobold zombies (D:6)
  2 orc skeletons (D:9)
  19 rats
  A toadstool (D:9)
953 creatures vanquished.

Vanquished Creatures (collateral kills)
  An orc warlord (Orc:4)
  A fire giant (D:16)
  The ghost of cedor the Carver, a powerful DsSk of Okawaru (Orc:4)
  A vault guard (D:15)
  2 fire dragons (D:16)
  2 ice dragons (IceCv)
  4 hydras
  A rakshasa (D:16)
  An ogre mage (D:16)
  A death yak (Lair:4)
  A centaur warrior (D:15)
  2 orc high priests (Orc:4)
  The ghost of nubinia the Conjurer, an experienced OpWz of Sif Muna (Lair:1)
  An unseen horror (D:11)
  5 skeletal warriors
  2 orc knights (Orc:4)
  2 hill giants (D:12)
  2 cyclopes
  An orc sorcerer (Orc:4)
  A wolf spider (Lair:8)
  A black mamba (Lair:4)
  12 spiny frogs
  2 trolls
  A giant leech (Lair:8)
  A komodo dragon (Lair:4)
  Prince Ribbit (D:5)
  2 two-headed ogres
  A basilisk (D:16)
  5 blink frogs
  A trapdoor spider (D:14)
  3 wyverns
  6 wandering mushrooms
  7 slime creatures
  A fire dragon skeleton (D:15)
  3 wraiths
  2 sharks (Lair:8)
  23 yaks
  A shadow (D:12)
  A hungry ghost (D:15)
  5 vampire mosquitoes
  2 ugly things
  A hill giant skeleton (D:10)
  4 wolves
  A freezing wraith (D:16)
  A kobold demonologist (Orc:2)
  2 sky beasts
  6 ogres
  12 ice beasts
  23 orc warriors
  A crocodile (Lair:8)
  2 wargs (Orc:4)
  2 boring beetles (Lair:8)
  2 big kobolds (Orc:2)
  A giant slug (Lair:8)
  12 giant frogs
  2 water moccasins
  2 manticore skeletons
  An agate snail (Lair:4)
  3 cyclops skeletons
  An eye of draining (D:15)
  3 killer bees
  2 wights (D:12)
  3 hounds (D:9)
  2 big fish (Lair:8)
  4 electric eels (Lair:8)
  A crimson imp (D:15)
  8 jellies
  2 goliath beetles (D:6)
  9 orc priests
  A basilisk skeleton (D:10)
  An iguana (Lair:5)
  16 orc wizards
  2 sheep (D:15)
  A crocodile skeleton (D:10)
  7 green rats
  2 adders
  6 white imps (Orc:1)
  A giant gecko (Lair:2)
  89 orcs
  2 bats
  5 goblins
  2 hobgoblins
  3 jackals
  2 quokkas
  4 giant spores
  2 illusory rakshasas (D:16)
  2 kobolds (Orc:2)
  A toadstool (Orc:1)
376 creatures vanquished.

Vanquished Creatures (others)
  An oklob plant (Lair:8)
  A necrophage (D:6)
  An ogre (D:16)
  A hound (D:9)
  2 killer bee zombies
  A sky beast zombie (D:8)
  A jackal (Lair:4)
  2 giant spores
  72 wandering mushrooms
  10 ballistomycetes
  6 fungi
  9 plants
  5 tentacles (Shoals:1)
  97 tentacle segments (Shoals:1)
  700 toadstools
909 creatures vanquished.

Grand Total: 2238 creatures vanquished

Notes
Turn   | Place    | Note
--------------------------------------------------------------
     0 | D:1      | M4edhros, the Octopode Artificer, began the quest for the Orb.
     0 | D:1      | Reached XP level 1. HP: 13/13 MP: 1/1
     2 | D:1      | M4edhros: sry my cat got on my keyboard
     2 | D:1      | Yermak: Today I found new type of vault
     2 | D:1      | M4edhros: u wrote smth
    22 | D:1      | Yermak: it contained 6 wizard hats
   266 | D:1      | M4edhros: lol
   273 | D:1      | Yermak: 2 of which where randarts
   670 | D:1      | M4edhros: i would use that
   670 | D:1      | Reached XP level 2. HP: 18/18 MP: 3/3
   781 | D:2      | Reached skill level 4 in Evocations
   791 | D:2      | Reached XP level 3. HP: 15/23 MP: 5/5
   830 | D:2      | Noticed Terence
   861 | D:2      | Yermak: tell him to wait
   871 | D:2      | M4edhros: i did
   885 | D:2      | Yermak: oh
   938 | D:2      | Killed Terence
  1044 | D:3      | M4edhros: lol.
  1044 | D:3      | M4edhros: it tped nex to me
  1044 | D:3      | Yermak: enslave
  1401 | D:2      | Reached XP level 4. HP: 21/28 MP: 7/7
  1417 | D:2      | Gained mutation: One of your tentacles bears a spike. [potion of beneficial mutation]
  1421 | D:2      | M4edhros: i cant get my mutation list
  1421 | D:2      | M4edhros: and list of things that happened
  1421 | D:2      | M4edhros: they used to be shift+a and ctrl+p
  1421 | D:2      | M4edhros: now they do not work
  1924 | D:3      | Paralysed by a potion of paralysis for 7 turns
  2003 | D:3      | M4edhros: nice
  2004 | D:3      | Yermak: A doesn't work?
  2013 | D:3      | M4edhros: it doesnt
  2300 | D:3      | Reached XP level 5. HP: 29/34 MP: 8/8
  2387 | D:3      | Yermak: Wait, you've just display your muts
  2396 | D:4      | M4edhros: i cant see them
  2422 | D:4      | Yermak: lol
  2450 | D:4      | Yermak: And I do
  2524 | D:4      | Found a staircase to the Ecumenical Temple.
  2534 | Temple   | Entered the Ecumenical Temple
  2542 | Temple   | Yermak: They changed smth in trunk heavily
  2599 | Temple   | M4edhros: hmpf
  2599 | Temple   | M4edhros: i have to decide
  2599 | Temple   | Yermak: I had problems with Enter key, it got pressed twice
  2599 | Temple   | M4edhros: ye, mamny things changed
  2599 | Temple   | M4edhros: i want to try out something
  2599 | Temple   | Yermak: like?
  2599 | Temple   | M4edhros: this sword i have is pretty nice
  2599 | Temple   | M4edhros: but still i need some help
  2599 | Temple   | M4edhros: so fedhas is best opt for now
  2599 | Temple   | M4edhros: i could try okawaru
  2599 | Temple   | M4edhros: but it is risky
  2600 | Temple   | Became a worshipper of Fedhas Madash
  2778 | D:4      | Reached XP level 6. HP: 36/39 MP: 10/10
  3950 | D:5      | Entered Level 5 of the Dungeon
  3950 | D:5      | Noticed Menkaure
  3953 | D:5      | Killed Menkaure
  3953 | D:5      | Reached skill level 5 in Stealth
  3957 | D:5      | M4edhros: too bad ; /
  4035 | D:5      | Acquired Fedhas' first power
  4125 | D:5      | Reached skill level 6 in Stealth
  4125 | D:5      | Reached XP level 7. HP: 44/44 MP: 12/12
  4147 | D:5      | Noticed Ijyb
  4150 | D:5      | Killed Ijyb
  4512 | D:5      | Reached skill level 7 in Stealth
  4521 | D:5      | Gained mutation: You can spit poison. [potion of mutation]
  4521 | D:5      | Gained mutation: You are resistant to electric shocks. [potion of mutation]
  4521 | D:5      | Gained mutation: Your mind is acute. (Int +2) [potion of mutation]
  4529 | D:5      | Noticed Prince Ribbit
  4544 | D:5      | Killed Prince Ribbit
  4544 | D:5      | Reached skill level 5 in Short Blades
  4544 | D:5      | Reached skill level 1 in Invocations
  5120 | D:6      | Reached XP level 8. HP: 36/49 MP: 14/14
  5168 | D:6      | Found a glowing drain.
  5327 | Sewer    | Entered a sewer
  5343 | Sewer    | Acquired Fedhas' second power
  5624 | Sewer    | Acquired Fedhas' third power
  5758 | D:6      | Reached skill level 8 in Stealth
  6195 | D:7      | Learned a level 4 spell: Olgreb's Toxic Radiance
  6389 | D:7      | Reached skill level 1 in Poison Magic
  6400 | D:7      | Found a sparkling altar of Nemelex Xobeh.
  6400 | D:7      | Found an iron altar of Okawaru.
  6400 | D:7      | Found a deep blue altar of Sif Muna.
  6427 | D:7      | Reached skill level 9 in Stealth
  6885 | D:8      | Reached XP level 9. HP: 54/54 MP: 16/16
  6901 | D:8      | Noticed thfral's ghost (experienced DESu)
  6904 | D:8      | M4edhros: i go to sleep
  6904 | D:8      | M4edhros: cy
  6904 | D:8      | M4edhros: cya
  6904 | D:8      | Upgraded the game from 0.14-a0-1330-g3eed206 to 0.14-a0-1361-g0512ea0
  6910 | D:8      | Killed thfral's ghost
  6910 | D:8      | Reached skill level 5 in Invocations
  7416 | D:8      | Noticed a spriggan baker
  7418 | D:8      | Killed a spriggan baker
  7418 | D:8      | Reached skill level 10 in Stealth
  7433 | D:8      | Learned a level 3 spell: Spider Form
  7489 | D:8      | Found a basalt altar of Yredelemnul.
  7534 | D:8      | Reached skill level 5 in Poison Magic
  7538 | D:8      | Acquired Fedhas' fourth power
  7553 | D:8      | Reached skill level 1 in Spellcasting
  7748 | D:8      | Reached XP level 10. HP: 60/60 MP: 20/20
  7903 | D:9      | Learned a level 4 spell: Leda's Liquefaction
  8059 | D:9      | Reached skill level 1 in Shields
  8484 | D:9      | Found a staircase to the Lair.
  8652 | D:9      | Noticed a hill giant
  8660 | D:9      | Killed a hill giant
  8876 | D:9      | Reached skill level 1 in Earth Magic
  9625 | D:9      | Reached skill level 11 in Stealth
  9625 | D:9      | Reached XP level 11. HP: 46/64 MP: 20/22
  9636 | D:9      | Reached skill level 1 in Hexes
  9709 | D:10     | Entered Level 10 of the Dungeon
  9709 | D:10     | Found a basalt altar of Yredelemnul.
  9823 | D:10     | Acquired Fedhas' fifth power
  9835 | D:10     | Found a staircase to the Orcish Mines.
 10291 | D:10     | Noticed Josephine
 10306 | D:10     | Killed Josephine
 11138 | D:11     | Noticed an unseen horror
 11142 | D:11     | Killed an unseen horror
 11487 | D:12     | Noticed a seven-headed hydra
 11506 | D:12     | Killed an eight-headed hydra
 11764 | D:12     | Noticed an eight-headed hydra
 11774 | D:12     | Killed an eight-headed hydra
 11918 | D:12     | Noticed a four-headed hydra
 11928 | D:12     | Killed a four-headed hydra
 11983 | D:12     | Noticed a skeletal warrior
 11994 | D:12     | Killed a skeletal warrior
 11994 | D:12     | Reached XP level 12. HP: 52/70 MP: 24/24
 11995 | D:12     | Noticed a skeletal warrior
 11998 | D:12     | Noticed a skeletal warrior
 12002 | D:12     | Killed a skeletal warrior
 12007 | D:12     | Killed a skeletal warrior
 12373 | D:12     | Noticed a hill giant
 12398 | D:12     | Noticed a skeletal warrior
 12400 | D:12     | Noticed a hill giant
 12413 | D:12     | Killed a skeletal warrior
 12414 | D:12     | Killed a hill giant
 12437 | D:12     | HP: 2/70 [hill giant/great mace (36)]
 12438 | D:12     | Killed a hill giant
 12583 | D:12     | Learned a level 4 spell: Enslavement
 12794 | D:12     | Reached skill level 5 in Hexes
 12942 | Orc:1    | Entered Level 1 of the Orcish Mines
 13189 | Orc:1    | Found Ygid Psuos' Armour Boutique.
 13383 | Orc:1    | Reached skill level 10 in Short Blades
 13504 | Orc:1    | Found a frozen archway.
 13660 | IceCv    | Entered an ice cave
 13666 | IceCv    | Reached skill level 12 in Stealth
 14296 | IceCv    | Noticed an ice dragon
 14296 | IceCv    | Noticed an ice dragon
 14436 | IceCv    | Killed an ice dragon
 14912 | IceCv    | Killed an ice dragon
 16290 | Orc:3    | Found Jucvorakk's Antique Armour Shoppe.
 16408 | Orc:3    | Found Kevoh's Antique Weapon Emporium.
 16765 | Orc:3    | Bought a pitted short sword for 237 gold pieces
 16839 | Orc:4    | Entered Level 4 of the Orcish Mines
 16839 | Orc:4    | Found Lueruce's Book Shoppe.
 16902 | Orc:3    | Found Seastean's Jewellery Shoppe.
 16902 | Orc:3    | Found Lafisch's Antique Weapon Shop.
 16902 | Orc:3    | Noticed Nergalle
 16910 | Orc:3    | Killed Nergalle
 17051 | Orc:3    | Found Apaga's Gadget Shop.
 17099 | Orc:4    | Noticed cedor's ghost (powerful DsSk)
 17587 | Orc:4    | Killed cedor's ghost
 17587 | Orc:4    | Reached skill level 10 in Invocations
 17731 | Orc:4    | Noticed an orc warlord
 17742 | Orc:4    | Noticed an orc high priest
 17749 | Orc:4    | Killed an orc high priest
 18143 | Orc:4    | Killed an orc warlord
 18143 | Orc:4    | Reached skill level 5 in Earth Magic
 18163 | Orc:4    | Noticed an orc high priest
 18172 | Orc:4    | Killed an orc high priest
 18172 | Orc:4    | Reached XP level 13. HP: 41/74 MP: 27/27
 18180 | Orc:4    | Reached skill level 1 in Transmutations
 18450 | Orc:4    | Found a staircase to the Elven Halls.
 18731 | Orc:4    | Found Shylyda's Antique Armour Boutique.
 18818 | Orc:4    | Reached skill level 5 in Shields
 19174 | Orc:4    | Found Phud's Antique Weapon Shoppe.
 19346 | Orc:4    | Bought a transparent sling for 175 gold pieces
 19371 | Orc:4    | Found Okiunouc's General Store.
 19402 | Orc:4    | Bought a bread ration for 44 gold pieces
 19402 | Orc:4    | Bought a book of Minor Magic for 220 gold pieces
 19407 | Orc:4    | Learned a level 3 spell: Mephitic Cloud
 19410 | Orc:4    | Learned a level 2 spell: Repel Missiles
 20295 | Lair:1   | Entered Level 1 of the Lair of Beasts
 20303 | Lair:1   | Reached skill level 5 in Spellcasting
 20319 | Lair:1   | Reached skill level 1 in Conjurations
 20530 | Lair:1   | Noticed Erica
 20562 | Lair:1   | Killed Erica
 20832 | Lair:1   | Noticed nubinia's ghost (experienced OpWz)
 20836 | Lair:1   | Identified the cursed -1,-1 sling of Righteous Fury {flame, +Blink SInv} (You bought it in a shop on level 4 of the Orcish Mines)
 20874 | Lair:1   | Killed nubinia's ghost
 22021 | Lair:3   | Noticed Maud
 22225 | Lair:3   | Killed Maud
 22296 | Lair:3   | Reached skill level 13 in Stealth
 22525 | Lair:3   | Identified the +9,+9 short sword of the Present {freeze, Contam rC+ MR++ Int+3} (You bought it in a shop on level 3 of the Orcish Mines)
 23025 | Lair:4   | Found a staircase to the Snake Pit.
 23300 | Lair:4   | Found a staircase to the Shoals.
 23892 | Lair:4   | Found a burning altar of Makhleb.
 23908 | Lair:4   | Reached XP level 14. HP: 80/80 MP: 28/28
 25092 | Lair:5   | Learned a level 3 spell: Conjure Flame
 25212 | Lair:5   | Gained mutation: You possess an exceptional clarity of mind. [potion of mutation]
 25212 | Lair:5   | Gained mutation: You can translocate small distances at will. [potion of mutation]
 25212 | Lair:5   | Lost mutation: One of your tentacles bears a spike. [potion of mutation]
 25401 | Lair:6   | Got a warped graven amulet
 25847 | Lair:6   | Identified the amulet "Phusuj" {Stasis Str+3} (You found it on level 6 of the Lair of Beasts)
 26702 | Lair:7   | Found a staircase to the Slime Pits.
 26740 | Lair:7   | Reached skill level 5 in Transmutations
 26762 | Lair:7   | Reached skill level 5 in Conjurations
 26812 | Lair:7   | Identified a scroll of acquirement
 26814 | Lair:7   | Got a dazzling buckler
 26820 | Lair:7   | Identified the +4 buckler of the Great Game {+Blink rPois Curse} (You acquired it on level 7 of the Lair of Beasts)
 27376 | Lair:8   | Entered Level 8 of the Lair of Beasts
 28139 | Lair:8   | Got a crystal dagger
 28144 | Lair:8   | Got a steaming mace
 28539 | Lair:8   | Identified the +4,+3 dagger of the Traitor {stab, Str+4} (You found it on level 8 of the Lair of Beasts)
 28540 | Lair:8   | Identified the +4,+7 mace of Supply {flame, Dex+3 SInv} (You found it on level 8 of the Lair of Beasts)
 29328 | D:13     | Gained mutation: You are frail (-10% HP). [mutagenic meat]
 29329 | D:13     | Gained mutation: Your muscles are strong. (Str +2) [mutagenic meat]
 29330 | D:13     | Lost mutation: You possess an exceptional clarity of mind. [mutagenic meat]
 29691 | D:13     | Reached XP level 15. HP: 52/75 MP: 29/29
 30281 | D:13     | Gained mutation: Your digestive system is specialised to digest meat. [mutagenic meat]
 30282 | D:13     | Gained mutation: You can spit moderately strong poison. [mutagenic meat]
 30290 | D:13     | Lost mutation: Your muscles are strong. (Str +2) [mutagenic meat]
 30291 | D:13     | Gained mutation: You possess an exceptional clarity of mind. [mutagenic meat]
 30293 | D:13     | Gained mutation: You are very frail (-20% HP). [mutagenic meat]
 30422 | D:13     | Found Mniupnak's Gadget Shoppe.
 31618 | D:15     | Entered Level 15 of the Dungeon
 31702 | D:15     | Found a gate to the Vaults.
 31881 | D:15     | Reached skill level 14 in Stealth
 33044 | D:16     | Entered Level 16 of the Dungeon
 33082 | D:16     | Found a staircase to the Depths.
 33082 | D:16     | Noticed a fire giant
 33538 | D:16     | HP: 1/67 [white ugly thing (22)]
 33578 | D:16     | Gained mutation: Your body is misshapen. [mutagenic meat]
 33592 | D:16     | Gained mutation: You are partially covered in molten scales (AC +1). [mutagenic meat]
 34089 | D:16     | Found Uckaf Sko's Armour Emporium.
 34132 | D:16     | Killed a fire giant
 34996 | D:13     | Reached XP level 16. HP: 54/72 MP: 27/30
 35262 | Shoals:1 | Entered Level 1 of the Shoals
 35726 | Shoals:1 | Noticed a kraken
 35888 | Shoals:1 | Noticed Roxanne
 36055 | Shoals:2 | Reached skill level 10 in Poison Magic
 36066 | Shoals:2 | Noticed Snorg
 36091 | Shoals:2 | Killed Snorg
 36443 | Shoals:3 | Slain by a harpy

Action                   |  1- 3 |  4- 6 |  7- 9 | 10-12 | 13-15 | 16-18 || total
-------------------------+-------+-------+-------+-------+-------+-------++-------
Melee: Short sword       |    37 |   106 |   170 |   530 |  1341 |   101 ||  2285
       Trident           |    14 |       |       |       |       |       ||    14
       Quarterstaff      |       |     9 |       |       |       |       ||     9
 Fire: Sling             |       |       |       |       |     6 |    39 ||    45
 Cast: Enslavement       |       |       |       |     3 |     1 |       ||     4
       Leda's Liquefacti |       |       |       |     1 |     1 |       ||     2
       Mephitic Cloud    |       |       |       |       |    46 |    16 ||    62
       Conjure Flame     |       |       |       |       |     9 |       ||     9
       Spider Form       |       |       |       |       |     1 |       ||     1
       Repel Missiles    |       |       |       |       |     4 |       ||     4
Invok: Evolution         |       |       |     6 |    41 |    45 |     3 ||    95
       Sunlight          |       |       |     4 |    46 |    23 |       ||    73
       Reproduction      |       |       |       |     2 |     3 |       ||     5
       Growth            |       |       |       |     1 |     2 |       ||     3
Evoke: Wand              |    15 |       |     5 |    29 |    27 |     5 ||    81
       phial of floods   |       |       |       |       |     1 |       ||     1
  Use: Scroll            |       |    15 |     4 |    12 |    20 |     2 ||    53
       Potion            |       |     6 |     6 |     9 |     7 |     1 ||    29
 Stab: Sleeping          |     3 |    12 |    37 |    42 |    95 |    10 ||   199
       Distracted        |     1 |       |     1 |     6 |    11 |     1 ||    20
       Paralysed         |       |       |     1 |       |       |     3 ||     4
       Confused          |       |       |       |     9 |    77 |    10 ||    96
